 Dungeon Crawl Stone Soup version 0.29.1-13-g9f3cf754e1 (webtiles) character file.

Game seed: 1382387838861505269

51 bjubeck the Chopper (level 3, -3/34 HPs)
             Began as a Hill Orc Berserker on Jan 26, 2023.
             Was a Believer of Trog.
             Slain by a gnoll
             ... wielding a +0 flail
              (7 damage)
             ... on level 1 of the Dungeon on Jan 27, 2023.
             The game lasted 00:07:52 (627 turns).

bjubeck the Chopper (Hill Orc Berserker)             Turns: 627, Time: 00:07:53

Health: -3/34      AC: 13    Str: 21    XL:     3   Next: 81%
Magic:  3/3        EV:  6    Int:  7    God:    Trog [**....]
Gold:   42         SH:  0    Dex: 10    Spells: 2/2 levels left

rFire   . . .      SeeInvis .   a - +0 hand axe
rCold   . . .      Faith    .   (no shield)
rNeg    . . .      Spirit   .   j - +0 plate armour
rPois   .          Reflect  .   k - +0 helmet
rElec   .          Harm     .   (no cloak)
rCorr   .          Rampage  .   (no gloves)
Will    .....                   i - +0 pair of boots
Stlth   ..........              (no amulet)
HPRegen 0.11/turn               (no ring)
MPRegen 0.08/turn               (no ring)

@: no status effects
A: no striking features
a: Renounce Religion, Berserk, Trog's Hand


You were on level 1 of the Dungeon.
You worshipped Trog.
Trog was pleased with you.
You visited 1 branch of the dungeon, and saw 2 of its levels.

You collected 42 gold pieces.

Inventory:

Hand Weapons
 a - a +0 hand axe (weapon)
Missiles
 l - 5 poisoned darts (quivered)
 n - 3 boomerangs
Armour
 i - a +0 pair of boots (worn)
 j - a +0 plate armour (worn)
 k - a +0 helmet (worn)
Scrolls
 b - a scroll of vulnerability {unknown}
 c - a scroll of enchant weapon {unknown}
 d - 2 scrolls of identify {unknown}
 f - a scroll of fear {unknown}
 m - a scroll of butterflies {unknown}
Potions
 e - 2 potions of curing {unknown}
 g - a potion of lignification {unknown}
 o - a potion of brilliance {unknown}


   Skills:
 * Level 4.4 Fighting
 * Level 5.1 Axes
 * Level 2.5 Armour
 - Level 1.7 Dodging


You had 2 spell levels left.
You didn't know any spells.
Your spell library was empty.

Dungeon Overview and Level Annotations

Branches:
Dungeon (2/15)

Altars:

Shops:
D:1 [


Message History

You hit the ball python but do no damage.
The ball python is severely wounded.
The ball python bites you but does no damage.
The ball python constricts you.
You slash the ball python!
You kill the ball python!
Trog accepts your kill.
You can now call upon Trog for regeneration and willpower.
You see here a ball python corpse.
Found 18 gold pieces.
There is an entrance to Owugijenn's Antique Armour Emporium here.
You see here a +0 sling.
The gnoll shouts!
You hit the gnoll.
The gnoll is moderately wounded.
The gnoll hits you but does no damage. The gnoll hits you with a +0 flail.
You closely miss the gnoll.
The gnoll is moderately wounded.
The gnoll hits you with a +0 flail.
You barely miss the gnoll.
The gnoll is moderately wounded.
The gnoll hits you with a +0 flail.
You closely miss the gnoll.
The gnoll is moderately wounded.
The gnoll completely misses you.
You hit the gnoll.
The gnoll is heavily wounded.
The gnoll hits you with a +0 flail.
* * * LOW HITPOINT WARNING * * *
You closely miss the gnoll.
The gnoll is heavily wounded.
The gnoll hits you but does no damage.
You hit the gnoll.
The gnoll is severely wounded.
The gnoll hits you with a +0 flail.
* * * LOW HITPOINT WARNING * * *
You hit the gnoll but do no damage.
The gnoll is severely wounded.
The gnoll hits you with a +0 flail!
You die...

##.###...........................
.#'# #...................########
..## #................⌠.⌠..##
...## #### #........∩....# ....##
#...##..)....⌠.⌠...# .....#
...................# .....#
..............#....# .....#
..............#....# .....#
......g@......#....# .....#
..............#....# ....##
........$.....#....# ...##
..............###### ..##
...........#### .## #####......#
+# ########


You could see a gnoll.

Vanquished Creatures
  Robin (D:2)
  An adder (D:2)
  An endoplasm (D:1)
  8 goblins (D:2)
  6 hobgoblins
  2 quokkas
  4 ball pythons
  A frilled lizard (D:2)
  2 kobolds (D:1)
  2 rats (D:1)
28 creatures vanquished.

Notes
Turn   | Place    | Note
-------+----------+-------------------------------------------
     0 | D:1      | bjubeck the Hill Orc Berserker began the quest for the Orb.
     0 | D:1      | Reached XP level 1. HP: 19/19 MP: 1/1
   183 | D:1      | Reached XP level 2. HP: 27/27 MP: 2/2
   212 | D:1      | You fall into a shaft and drop 1 floor!
   396 | D:2      | Noticed Robin
   410 | D:2      | Reached XP level 3. HP: 26/33 MP: 3/3
   421 | D:2      | Killed Robin
   424 | D:2      | Reached skill level 5 in Axes
   565 | D:1      | Found Owugijenn's Antique Armour Emporium.
   598 | D:1      | Reached ** piety under Trog
   627 | D:1      | Slain by a gnoll

Illustrated notes

Levels and vault maps discovered:
D:1:      lemuel_arrival_rhombus, layout_basic, serial_shops, shop_fountains,
          shapermc_ecumenical_altar_mp_vishouse, minmay_rat_gold_closets
D:2:      layout_basic, minmay_tetromino_s2, uniq_robin

Skill      XL: |  1  2  3 |
---------------+----------+-----
Fighting       | 4 |  4.4
Axes           | 5 |  5.1
Armour         | |  2.5
Dodging        | |  1.7

Action                   || total
-------------------------++-------
Melee: Hand axe          ||    98
Armor: Animal skin       ||     5
       Plate armour      ||    31
       Scale mail        ||     3
Dodge: Dodged            ||    31
